 Dungeon Crawl Stone Soup version 0.32-a0-886-g41c5271027 (webtiles) character file.

Game seed: 1453839335719943685

57 Autsider the Magician (level 4, -2/39 HPs)
             Began as an Oni Hedge Wizard on Apr 2, 2024.
             Slain by a gnoll
             ... wielding a +0 flail
              (7 damage)
             ... on level 2 of the Dungeon.
             The game lasted 00:03:35 (1628 turns).

Autsider the Magician (Oni Hedge Wizard)            Turns: 1628, Time: 00:03:36

Health: -2/39      AC:  1    Str: 14    XL:     4   Next: 0%
Magic:  2/10       EV:  8    Int: 17    God:
Gold:   118        SH:  0    Dex:  8    Spells: 3/11 levels left

rFire   . . .        j - +0 club
rCold   . . .        (no shield)
rNeg    . . .        (body armour restricted)
rPois   .            c - +0 hat
rElec   .            (no cloak)
rCorr   .            (gloves unavailable)
SInv    .            (boots unavailable)
Will    .....        (no amulet)
Stlth   +            (no ring)
HPRegen 0.26/turn    (no ring)
MPRegen 0.12/turn

%: no passive effects
@: no status effects
A: large, unfitting armour, horns 1, tough skin 1, double potion healing,
drunken brawling
a: no special abilities


You were on level 2 of the Dungeon.
You visited 1 branch of the dungeon, and saw 2 of its levels.

You collected 118 gold pieces.

Inventory:

Hand Weapons
 j - a +0 club (weapon)
Armour
 c - a +0 hat (worn)
Scrolls
 b - a scroll of poison {unknown}
 e - a scroll of vulnerability {unknown}
 f - 3 scrolls of fog {unknown}
 h - a scroll of identify {unknown}
 i - a scroll of brand weapon {unknown}
Potions
 a - a potion of heal wounds {unknown}
 d - a potion of magic
 g - a potion of lignification {unknown}


   Skills:
 - Level 1.7 Dodging
 - Level 1.4 Stealth
 + Level 4.0 Spellcasting
 * Level 2.1 Conjurations
 + Level 1.5 Summonings
 + Level 1.6 Translocations


You had 3 spell levels left.
You knew the following spells:

 Your Spells              Type           Power      Damage    Failure   Level
a - Magic Dart            Conj           40%        1d5       7%          1
w - Mephitic Cloud        Conj/Alch/Air  5%         N/A       34%         3
z - Blink                 Tloc           18%        N/A       12%         2
A - Call Imp              Summ           16%        N/A       12%         2

Your spell library contained the following spells:

 Spells                   Type           Power      Damage    Failure   Level
 Slow                     Hex            12%        N/A       16%         1
 Cigotuvi's Dreadful Rot  Necr/Alch/Air  6%         N/A       24%         2


Dungeon Overview and Level Annotations

Branches:
Dungeon (2/15)

Altars:

Annotations:
D:1 exclusion: downstairs


Innate Abilities, Weirdness & Mutations

You are too large for most types of armour.
You have a pair of small horns on your head.
You have tough skin. (AC +1)
You gain doubled healing and magic from potions.
Whenever you drink a healing potion, you attack all around you.


Message History

The gnoll attacks as it pursues you! The gnoll hits you but does no damage.
The gnoll attacks as it pursues you! The gnoll hits you with a +0 club.
* * * LOW HITPOINT WARNING * * *
Your cerulean imp barely misses the gnoll.
Casting: Magic Dart (safe; 7% risk of failure)
Confirm with . or Enter, or press ? or * to list all spells.
A tiny devil pulls itself out of the air.
Your cerulean imp disappears in a puff of smoke!
The gnoll hits you with a +0 club.
* * * LOW HITPOINT WARNING * * *
The gnoll hits your cerulean imp with a +0 club.
Your cerulean imp hits the gnoll with a -4 spear.
The gnoll hits your cerulean imp but does no damage.
Your cerulean imp hits the gnoll with a -4 spear.
The gnoll dies!
You have reached level 4!
Your cerulean imp completely misses the gnoll.
The gnoll misses your cerulean imp.
Your cerulean imp misses the gnoll.
The gnoll misses your cerulean imp.
Your cerulean imp barely misses the gnoll.
Your cerulean imp barely misses the gnoll.
The gnoll hits your cerulean imp with a +0 flail.
Your cerulean imp dies!
Your cerulean imp disappears in a puff of smoke!
Casting: Call Imp (safe; 12% risk of failure)
Confirm with . or Enter, or press ? or * to list all spells.
You miscast Call Imp.
You are very lightly contaminated with residual magic.
Nothing appears to happen.
Unknown command.
The gnoll attacks as it pursues you! The gnoll hits you with a +0 flail.
* * * LOW HITPOINT WARNING * * *
Your magical contamination has completely faded away.
The gnoll attacks as it pursues you! The gnoll hits you with a +0 flail!
* * * LOW HITPOINT WARNING * * *
Casting: Call Imp (safe; 12% risk of failure)
Confirm with . or Enter, or press ? or * to list all spells.
You don't have enough magic to cast this spell.
The gnoll attacks as it pursues you! The gnoll hits you with a +0 flail!
You die...

#.##.#.# #.#########
#.##.#.# #.#....(...
#.##.#.#####.#.#######
#....#........>#
############.#.####
#.............#
#.............#
######.............#
#<....@g...g.......#
########.####.###.##
#.# #.# #.##### #.#
#.# #...... #.# #.#
#####g. #.#
##.#######..
#.###........#..
#.#..........#..
#............#..


You could see 2 gnolls.

Vanquished Creatures
  A gnoll (D:2)
  An adder (D:2)
  A ball python (D:1)
  2 bats (D:1)
  2 endoplasms (D:1)
  2 giant cockroaches
  4 hobgoblins
  2 kobolds (D:1)
  2 frilled lizards
  A goblin (D:1)
  A rat (D:2)
19 creatures vanquished.

Vanquished Creatures (collateral kills)
  A gnoll (D:2)
  An endoplasm (D:2)
  A hobgoblin (D:1)
  A kobold (D:2)
  A quokka (D:1)
  2 rats
7 creatures vanquished.

Grand Total: 26 creatures vanquished

Notes
Turn   | Place    | Note
-------+----------+-------------------------------------------
     0 | D:1      | Autsider the Oni Hedge Wizard began the quest for the Orb.
     0 | D:1      | Reached XP level 1. HP: 16/16 MP: 5/5
   157 | D:1      | Reached skill level 1 in Conjurations
   221 | D:1      | Reached skill level 1 in Summonings
   221 | D:1      | Reached skill level 1 in Translocations
   358 | D:1      | Reached XP level 2. HP: 24/24 MP: 3/6
   361 | D:1      | Learned a level 2 spell: Blink
   364 | D:1      | Learned a level 2 spell: Call Imp
  1250 | D:2      | Reached XP level 3. HP: 31/31 MP: 5/8
  1337 | D:2      | Learned a level 3 spell: Mephitic Cloud
  1553 | D:2      | Found a faded altar of an unknown god.
  1583 | D:2      | Reached skill level 4 in Spellcasting
  1596 | D:2      | Reached XP level 4. HP: 13/39 MP: 0/10
  1628 | D:2      | Slain by a gnoll

Illustrated notes

Levels and vault maps discovered:
D:1:      pf_arrival_petrified_forest, layout_basic
D:2:      layout_basic, basic_ecumenical_altar

Skill      XL: |  1  2  3 |
---------------+----------+-----
Conjurations   | 1 2 |  2.1
Summonings     | 1 |  1.5
Translocations | 1 |  1.6
Spellcasting   | 4 |  4.0
Dodging        | |  1.7
Stealth        | |  1.4

Action                     |  1- 3 |  4- 6 || total
---------------------------+-------+-------++-------
  Melee: Unarmed           |    10 |       ||    10
         Headbutt          |     3 |       ||     3
   Cast: Magic Dart        |    54 |       ||    54
         Call Imp          |     8 |       ||     8
 Armour: Skin              |    24 |     3 ||    27
  Dodge: Dodged            |    15 |       ||    15

Table legend: (Time is in decaauts)
 A = Elapsed time spent in this place.
 B = Non-inter-level travel time spent in this place.
 C = Inter-level travel time spent in this place.
 D = Time resting spent in this place.
 E = Time spent auto-exploring this place.
 F = Levels seen in this place.
 G = Mean time per level.
                   A        B        C        D        E       F      G
               +--------+--------+--------+--------+--------+-----+--------+
         Total |   1627 |   1567 |     60 |      0 |   1303 |   2 |  813.5 |
       Dungeon |   1627 |   1567 |     60 |      0 |   1303 |   2 |  813.5 |
               +--------+--------+--------+--------+--------+-----+--------+

Top non-repeatable levels by time:
     D:1: 1082 daAuts
     D:2: 545 daAuts
